 Dungeon Crawl Stone Soup version 0.31-a0-1-g4198be8af4 (webtiles) character file.

Game seed: 7372967410083244418

233 Jarnaxa the Magician (level 5, 0/28 HPs)
             Began as a Deep Elf Fire Elementalist on May 2, 2023.
             Slain by a quokka (5 damage)
             ... on level 4 of the Dungeon.
             The game lasted 00:05:04 (3486 turns).

Jarnaxa the Magician (Deep Elf Fire Elementalist)   Turns: 3486, Time: 00:05:04

Health: 0/28       AC:  2    Str:  5    XL:     5   Next: 74%
Magic:  7/15       EV:  9    Int: 22    God:
Gold:   83         SH:  0    Dex: 15    Spells: 6/15 levels left

rFire   . . .        n - +6 short sword
rCold   . . .        (no shield)
rNeg    . . .        a - +0 robe
rPois   .            (no helmet)
rElec   .            (no cloak)
rCorr   .            (no gloves)
SInv    .            (no boots)
Will    .....        (no amulet)
Stlth   ++           (no ring)
HPRegen 0.24/turn    (no ring)
MPRegen 0.14/turn

%: no passive effects
@: constricted
A: no striking features
a: no special abilities


You were on level 4 of the Dungeon.
You visited 1 branch of the dungeon, and saw 4 of its levels.

You collected 83 gold pieces.

Inventory:

Hand Weapons
 n - a +6 short sword (weapon)
Armour
 a - a +0 robe (worn)
Scrolls
 c - a scroll of poison
 f - a scroll of amnesia
 g - a scroll of noise
 h - 3 scrolls of identify
 j - 3 scrolls of enchant armour
 k - a scroll of teleportation
 l - a scroll of immolation {unknown}
 m - a scroll of brand weapon {unknown}
Potions
 i - 2 potions of curing
 o - a potion of lignification {unknown}
 p - a potion of haste {unknown}


   Skills:
 - Level 2.6 Dodging
 - Level 2.5 Stealth
 + Level 5.5 Spellcasting
 + Level 3.0 Conjurations
 + Level 5.0 Fire Magic


You had 6 spell levels left.
You knew the following spells:

 Your Spells              Type           Power      Damage    Failure   Level
a - Foxfire               Conj/Fire      92%        2x1d8     1%          1
b - Scorch                Fire           56%        2d7       1%          2
c - Inner Flame           Hex/Fire       17%        N/A       11%         3
d - Volatile Blastmotes   Fire/Tloc      34%        2d12      11%         3

Your spell library contained the following spells:

 Spells                   Type           Power      Damage    Failure   Level
 Sublimation of Blood     Necr           6%         N/A       14%         2
 Wereblood                Tmut           6%         N/A       14%         2
 Flame Wave               Conj/Fire      23%        2d8       19%         4
 Summon Hydra             Summ           3%         N/A       100%        7


Dungeon Overview and Level Annotations

Branches:
Dungeon (4/15)
 Temple: D:4-7

Altars:


Message History

Casting: Foxfire (safe; 1% risk of failure)
Confirm with . or Enter, or press ? or * to list all spells.
You conjure some foxfire!
The foxfire hits the bat!
You kill the bat!
The bat closely misses you.
The foxfire hits the kobold but does no damage.
The quokka misses you.
The foxfire hits the bat.
The bat is heavily wounded.
The bat hits you.
* * * LOW HITPOINT WARNING * * *
Casting: Foxfire (safe; 1% risk of failure)
Confirm with . or Enter, or press ? or * to list all spells.
You conjure some foxfire!
The foxfire hits the bat!
You kill the bat!
The foxfire hits the bat.
The bat is severely wounded.
The bat hits you.
* * * LOW HITPOINT WARNING * * *
The foxfire hits the bat.
The bat is severely wounded.
The bat hits you but does no damage. The quokka bites you.
* * * LOW HITPOINT WARNING * * *
The bat closely misses you.
Casting: Foxfire (safe; 1% risk of failure)
Confirm with . or Enter, or press ? or * to list all spells.
You conjure some foxfire!
The bat hits you but does no damage.
The bat misses you. x2; The bat hits you but does no damage.
The bat barely misses you.
The foxfire hits the bat.
You kill the bat!
The quokka barely misses you.
The foxfire hits the bat!
You kill the bat!
Casting: Foxfire (safe; 1% risk of failure)
Confirm with . or Enter, or press ? or * to list all spells.
You conjure some foxfire!
The bat hits you but does no damage. The bat closely misses you.
The quokka bites you but does no damage.
The ball python bites you but does no damage.
The ball python grabs you. The ball python constricts you.
The quokka bites you.
You die...

##...## #.....#
..... .... ##
..###. #?##.# #
####.##b# .#
#####.#v††..###.###
.......v@....>....#
#####.#r#Sb......
#..K§r....#.
##...#.#...#.#
..........<....#
...#...#...#.#....
'.........#.#.# #..
#...##....... . #
#... #.##.###.#.


You could see 2 quokkas, 2 bats, a ball python and a kobold.

Vanquished Creatures
  Sigmund (D:3)
  3 adders
  13 bats
  5 endoplasms
  4 giant cockroaches
  3 goblins
  3 hobgoblins (D:1)
  8 kobolds
  A quokka (D:1)
  2 ball pythons
  A frilled lizard (D:1)
  4 rats
48 creatures vanquished.

Vanquished Creatures (others)
  222 foxfires
222 creatures vanquished.

Grand Total: 270 creatures vanquished

Notes
Turn   | Place    | Note
-------+----------+-------------------------------------------
     0 | D:1      | Jarnaxa the Deep Elf Fire Elementalist began the quest for
                  | the Orb.
     0 | D:1      | Reached XP level 1. HP: 10/10 MP: 6/6
   358 | D:1      | Reached XP level 2. HP: 15/15 MP: 0/8
  1764 | D:2      | Reached XP level 3. HP: 19/19 MP: 2/10
  2350 | D:2      | Learned a level 2 spell: Scorch
  2354 | D:2      | Learned a level 3 spell: Inner Flame
  2358 | D:2      | Learned a level 3 spell: Volatile Blastmotes
  2760 | D:3      | Noticed Sigmund
  2778 | D:3      | Killed Sigmund
  2779 | D:3      | Reached skill level 5 in Spellcasting
  2779 | D:3      | Reached XP level 4. HP: 24/24 MP: 1/13
  2779 | D:3      | Reached XP level 5. HP: 28/28 MP: 1/14
  3186 | D:3      | Reached skill level 5 in Fire Magic
  3486 | D:4      | Slain by a quokka

Illustrated notes

Levels and vault maps discovered:
D:1:      ebering_trefoil_3fold, layout_loops_ring
D:2:      layout_basic
D:3:      layout_basic, minmay_misc_feat_rugged, uniq_sigmund
D:4:      layout_basic, roderic_batcave, minmay_small_thing, uniq_menkaure,
          uniq_pikel, uniq_blork_the_orc

Skill      XL: |  1  2  3  4  5 |
---------------+----------------+-----
Spellcasting   | 5 |  5.5
Fire Magic     | 4 5 |  5.0
Conjurations   | 2 3 |  3.0
Dodging        | |  2.6
Stealth        | |  2.5

Action                     |  1- 3 |  4- 6 || total
---------------------------+-------+-------++-------
  Melee: Unarmed           |     6 |       ||     6
   Cast: Foxfire           |   153 |    13 ||   166
         Scorch            |     7 |     2 ||     9
         Volatile Blastmot |       |     1 ||     1
    Use: Potion            |     1 |     1 ||     2
         Scroll            |       |     7 ||     7
 Armour: Robe              |     6 |     7 ||    13
  Dodge: Dodged            |    26 |    10 ||    36

Table legend: (Time is in decaauts)
 A = Elapsed time spent in this place.
 B = Non-inter-level travel time spent in this place.
 C = Inter-level travel time spent in this place.
 D = Time resting spent in this place.
 E = Time spent auto-exploring this place.
 F = Levels seen in this place.
 G = Mean time per level.
                   A        B        C        D        E       F      G
               +--------+--------+--------+--------+--------+-----+--------+
         Total |   3484 |   3383 |    101 |     38 |   2967 |   4 |  871.0 |
       Dungeon |   3484 |   3383 |    101 |     38 |   2967 |   4 |  871.0 |
               +--------+--------+--------+--------+--------+-----+--------+

Top non-repeatable levels by time:
     D:1: 1496 daAuts
     D:3: 1099 daAuts
     D:2: 874 daAuts
     D:4: 14 daAuts
